 Dungeon Crawl Stone Soup version 0.32-a0-711-g016ad743e0 (webtiles) character file.

Game seed: 398123440874864889

1977 runemasterragnar the Ruffian (level 9, -3/62 HPs)
             Began as an Octopode Shapeshifter on Mar 15, 2024.
             Was an Initiate of Gozag.
             Succumbed to a killer bee's poison
             ... on level 6 of the Dungeon.
             The game lasted 00:09:04 (5974 turns).

runemasterragnar the Ruffian (OpSh)                 Turns: 5974, Time: 00:09:05

Health: -3/62      AC:  1    Str: 18    XL:     9   Next: 20%
Magic:  9/9        EV: 13    Int: 12    God:    Gozag
Gold:   192        SH:  0    Dex: 11    Spells: 8/8 levels left

rFire   . .          .
                       - Unarmed
rCold   . . .        (no shield)
rNeg    . . .        (helmet currently unavailable)
rPois   .            (no amulet)
rElec   .            (no ring)
rCorr   .            (no ring)
SInv    .            (no ring)
Will    .....        (no ring)
Stlth   ++++         (no ring)
HPRegen 0.30/turn    (no ring)
MPRegen 0.11/turn    (no ring)
                     (no ring)

%: no passive effects
@: lethally poisoned (-3 -> -17), beast-form
A: beast (slay +2), almost no armour, amphibious, 8 rings, camouflage 1,
gelatinous body 1, (nimble swimmer 1), tentacles
a: Begin Untransformation, Renounce Religion, Potion Petition, Call Merchant,
Bribe Branch


You were on level 6 of the Dungeon.
You worshipped Gozag.
Gozag was aware of your devotion.
You were a hulking beast.
You visited 2 branches of the dungeon, and saw 8 of its levels.
You also visited: Sewer.

You collected 465 gold pieces.
You spent 181 gold pieces at shops.
You paid 92 gold pieces to Gozag.

Inventory:

Hand Weapons
 m - a +1 falchion of flaming
Missiles
 x - 12 darts of dispersal (quivered)
Armour
 B - a +0 kite shield
Jewellery
 n - an amulet of guardian spirit
Talismans
 b - a beast talisman (active)
 c - a flux talisman
Wands
 a - a wand of warping (13)
 f - a wand of polymorph (5)
 g - a wand of mindburst (25)
 i - a wand of paralysis (1)
Scrolls
 e - 6 scrolls of teleportation
 h - a scroll of noise
 o - a scroll of summoning
 r - a scroll of revelation
 s - 2 scrolls of enchant weapon {unknown}
 u - a scroll of enchant armour
 w - 2 scrolls of poison {unknown}
 C - a scroll of blinking
Potions
 d - 2 potions of heal wounds
 j - 5 potions of resistance
 k - 2 potions of cancellation
 l - a potion of brilliance
 p - 3 potions of mutation
 q - 2 potions of attraction
 t - a potion of invisibility {unknown}
 v - 2 potions of degeneration {unknown}
 z - a potion of curing {unknown}
 D - a potion of ambrosia {unknown}


   Skills:
 * Level 5.9 Fighting
 + Level 4.5 Dodging
 + Level 5.7 Stealth
 - Level 0.1 Shields
 * Level 6.6 Unarmed Combat
 + Level 4.1 Evocations
 + Level 4.7 Shapeshifting


You had 8 spell levels left.
You didn't know any spells.
Your spell library contained the following spells:

 Spells                   Type           Power      Damage    Failure   Level
 Apportation              Tloc           0%         N/A       32%         1
 Kiss of Death            Conj/Necr      0%         2d5       32%         1
 Jinxbite                 Hex            0%         N/A       45%         2
 Confusing Touch          Hex            0%         N/A       69%         3
 Dispel Undead            Necr           0%         3d6       97%         4
 Alistair's Intoxication  Alch           0%         N/A       100%        5


Dungeon Overview and Level Annotations

Branches:
Dungeon (7/15)             Temple (1/1) D:4           Sewer (visited)

Altars:
Ashenzari
Cheibriados
Dithmenos
Elyvilon
Fedhas
Gozag
Hepliaklqana
Kikubaaqudgha
Makhleb
Nemelex Xobeh
Okawaru
Ru
Sif Muna
Trog
Uskayaw
Xom
Yredelemnul

Shops:
D:1 ?

Annotations:
D:2 1 runed translucent door, Crazy Yiuf
D:4 3 runed translucent doors, Aldia's ghost, amateur OpAl
Temple 2 transporters


Innate Abilities, Weirdness & Mutations

You are a hulking beast.
Your limbs bulge with bestial killing power. (Slay +2)
You cannot wear most types of armour.
You are amphibious.
You can wear up to eight rings at the same time.
Your skin changes colour to match your surroundings (Stealth+).
Your rubbery body absorbs attacks. (AC +1, EV +1)
((You are camouflaged when in or above water. (Stealth+)))
You have tentacles for arms and can constrict up to eight enemies at once.


Message History

Found a shadowy altar of Dithmenos.
The killer bee barely misses you. The iguana bites you.
You closely miss the killer bee. Your grab misses the killer bee.
You squeeze the killer bee, but do no damage.
The killer bee misses you.
You barely miss the killer bee. You grab the killer bee.
Your squeeze misses the killer bee. You constrict the killer bee.
The killer bee stings you.
You are poisoned.
The killer bee poisons you! The iguana bites you! The killer bee stings you.
You are more poisoned.
The killer bee poisons you!
You hear an angry buzzing noise.
As you read the scroll of fear, it crumbles to dust.
You assume a fearsome visage.
The iguana looks frightened!
The killer bee looks frightened! x2; The sky beast looks frightened!
You constrict the killer bee.
You feel very sick.
A killer bee comes into view.
The killer bee struggles to escape constriction. x2
You release your grip on the killer bee.
You feel very sick. The killer bee stings you. x2
You are more poisoned.
The killer bee poisons you!
You feel very sick. The killer bee barely misses you.
The killer bee stings you.
* * * LOW HITPOINT WARNING * * *
You feel very sick.
The killer bee attacks as it pursues you!
The killer bee closely misses you. x2
There is a stone staircase leading up here.
You feel very sick. The killer bee barely misses you.
The killer bee stings you!
* * * LOW HITPOINT WARNING * * *
You are more poisoned.
The killer bee poisons you!
You climb upwards.
You die...
Your body crumbles into a pile of gold.

#.#####.##..............#
...........#######..#####
##..###.#### ###....#
###.# #.# #...##.# ..#.#
#.# #.####.# #.#.# #.#
#.# #.# #.#.###.# ####.#
#.#
..#..##.###....####.###
#....##.##..####h.....#
##.#<##....## #y.....#
#.....).### #......#
####...).# #......#
.........#######......#
..###.........#########
.## ###...........# ##
#.#...###...#
#.###.#######


You could see a killer bee.

Vanquished Creatures
  Grinder (D:5)
  A steam dragon (D:6)
  Menkaure (D:6)
  Duvessa (D:6)
  Pargi (Sewer)
  A black bear (D:5)
  2 centaurs
  3 ogres
  3 phantoms
  A scorpion (D:4)
  A brain worm (Sewer)
  Dowan (D:6)
  3 hounds
  An orc priest (D:3)
  3 iguanas
  Terence (D:2)
  Robin (D:2)
  4 gnolls (D:5)
  7 adders
  A white imp (D:6)
  A ribbon worm (D:5)
  3 dart slugs
  10 orcs
  4 endoplasms
  6 giant cockroaches
  15 goblins
  12 hobgoblins
  5 jackals
  4 quokkas
  10 ball pythons
  5 bats
  14 frilled lizards
  14 kobolds
  3 rats (D:3)
144 creatures vanquished.

Notes
Turn   | Place    | Note
-------+----------+-------------------------------------------
     0 | D:1      | runemasterragnar the Octopode Shapeshifter began the quest
                  | for the Orb.
     0 | D:1      | Reached XP level 1. HP: 13/13 MP: 1/1
   252 | D:1      | You fall into a shaft and drop 1 floor!
   327 | D:1      | Reached XP level 2. HP: 18/18 MP: 2/2
   394 | D:1      | Reached skill level 1 in Stealth
   440 | D:1      | Reached XP level 3. HP: 23/24 MP: 3/3
   745 | D:1      | Found Weenuome's Magic Scroll Shoppe.
   750 | D:1      | Bought a scroll of identify for 22 gold pieces
  1118 | D:2      | Noticed Robin
  1134 | D:2      | HP: 1/24 [goblin/+0 dagger (6)]
  1137 | D:2      | Reached XP level 4. HP: 27/29 MP: 4/4
  1140 | D:2      | Killed Robin
  1192 | D:2      | Found a runed translucent door.
  1193 | D:2      | Noticed Crazy Yiuf
  1344 | D:2      | Noticed Terence
  1353 | D:2      | Killed Terence
  1354 | D:2      | Reached skill level 1 in Evocations
  1771 | D:3      | Found a shimmering altar of Xom.
  1784 | D:3      | Reached XP level 5. HP: 3/35 MP: 5/5
  2429 | D:1      | Bought a scroll of teleportation for 33 gold pieces
  2429 | D:1      | Bought a scroll of identify for 22 gold pieces
  2429 | D:1      | Bought a scroll of identify for 22 gold pieces
  2433 | D:1      | Bought a scroll of revelation for 82 gold pieces
  2518 | D:4      | Reached skill level 4 in Unarmed Combat
  2572 | D:4      | Reached XP level 6. HP: 35/42 MP: 6/6
  2690 | D:4      | Found a runed translucent gate.
  2691 | D:4      | Found a runed translucent gate.
  2710 | D:4      | Found a glowing drain.
  2784 | D:4      | Found a runed translucent gate.
  2790 | D:4      | Noticed Aldia's ghost (amateur OpAl)
  2913 | Sewer    | Entered a sewer
  2978 | Sewer    | Noticed Pargi
  3094 | Sewer    | Killed Pargi
  3095 | Sewer    | Reached XP level 7. HP: 46/46 MP: 7/7
  3387 | D:4      | Found a staircase to the Ecumenical Temple.
  3395 | Temple   | Found a transporter.
  3395 | Temple   | Found a transporter.
  3395 | Temple   | Found a transporter.
  3395 | Temple   | Found a transporter.
  3395 | Temple   | Entered the Ecumenical Temple
  3772 | D:5      | Entered Level 5 of the Dungeon
  3858 | D:5      | Reached skill level 5 in Unarmed Combat
  3922 | D:5      | Reached XP level 8. HP: 30/54 MP: 8/8
  4035 | D:5      | Found a burning altar of Makhleb.
  4063 | D:5      | Found a basalt altar of Yredelemnul.
  4694 | D:5      | Noticed Grinder
  4703 | D:5      | Killed Grinder
  4704 | D:5      | Reached skill level 5 in Fighting
  4906 | Temple   | Became a worshipper of Gozag Ym Sagoz the Greedy
  5135 | D:6      | Noticed Dowan
  5224 | D:6      | Noticed Duvessa
  5246 | D:6      | Killed Dowan
  5247 | D:6      | Reached skill level 5 in Stealth
  5247 | D:6      | Reached skill level 6 in Unarmed Combat
  5247 | D:6      | Killed Duvessa
  5351 | D:6      | Noticed Menkaure
  5360 | D:6      | Killed Menkaure
  5361 | D:6      | Reached XP level 9. HP: 57/61 MP: 9/9
  5966 | D:7      | Found a shadowy altar of Dithmenos.
  5973 | D:7      | HP: 1/62 [killer bee (9)]
  5974 | D:6      | Succumbed to a killer bee's poison

Illustrated notes

Levels and vault maps discovered:
D:1:      dpeg_cavernosity, layout_loops_ring, serial_shops,
          nicolae_shop_hallway_stairs, minmay_crystal_room, kennysheep_doodads
D:2:      layout_loops_ring, uniq_terence, uniq_crazy_yiuf_cottage, uniq_robin
D:3:      layout_basic, amcnicky_altar_gilded
D:4:      layout_basic, minmay_temple_entry_nine_rooms,
          gammafunk_ghost_necromancy, gup_sewer_entry_glass, feat_on_display
D:5:      layout_loops_cross, mainiacjoe_overflow_two_lobes, uniq_grinder
D:6:      layout_rooms, dreamdust_princess_bridge, minmay_unpleasant_kobolds,
          uniq_menkaure, uniq_duvessa
D:7:      layout_loops_ring, nicolae_dithmenos_shadow_blocks,
          mainiacjoe_overflow_alcove_4
Temple:   hellmonk_temple_divided_pantheon

Skill      XL: |  1  2  3  4  5  6  7  8  9 |
---------------+----------------------------+-----
Stealth        | 1 2 3 4 5 |  5.7
Fighting       | 2 3 4 5 |  5.9
Evocations     | 1 2 3 4 |  4.1
Unarmed Combat | 4 5 6 |  6.6
Dodging        | 3 4 |  4.5
Shapeshifting  | 4 |  4.7
Shields        | |  0.1

Action                     |  1- 3 |  4- 6 |  7- 9 || total
---------------------------+-------+-------+-------++-------
  Melee: Unarmed           |    85 |    76 |   116 ||   277
         Constrict         |    20 |    17 |    31 ||    68
         Tentacles         |    14 |    20 |    30 ||    64
         Punch             |     1 |     2 |     8 ||    11
  Evoke: Wand              |       |     5 |     8 ||    13
    Use: Scroll            |     2 |     6 |     6 ||    14
         Potion            |     1 |       |     1 ||     2
   Stab: Sleeping          |    11 |     8 |    12 ||    31
         Paralysed         |       |     7 |     2 ||     9
 Armour: Skin              |    33 |    19 |    85 ||   137
  Dodge: Dodged            |    38 |    33 |    61 ||   132
  Block: Kite shield       |       |       |     1 ||     1

Table legend: (Time is in decaauts)
 A = Elapsed time spent in this place.
 B = Non-inter-level travel time spent in this place.
 C = Inter-level travel time spent in this place.
 D = Time resting spent in this place.
 E = Time spent auto-exploring this place.
 F = Levels seen in this place.
 G = Mean time per level.
                   A        B        C        D        E       F      G
               +--------+--------+--------+--------+--------+-----+--------+
         Total |   5954 |   5491 |    463 |    179 |   4235 |   9 |  661.6 |
       Dungeon |   5680 |   5240 |    440 |    179 |   4142 |   7 |  811.4 |
        Temple |     73 |     51 |     22 |      0 |      0 |   1 |   73.0 |
         Sewer |    201 |    201 |      0 |      0 |     93 |   1 |  201.0 |
               +--------+--------+--------+--------+--------+-----+--------+

Top non-repeatable levels by time:
     D:5: 1119 daAuts
     D:4: 1104 daAuts
     D:6: 969 daAuts
     D:2: 884 daAuts
     D:1: 831 daAuts
     D:3: 760 daAuts
   Sewer: 201 daAuts
  Temple: 73 daAuts
     D:7: 10 daAuts
